 Dungeon Crawl Stone Soup version 0.16-a0-3724-gf14d081 (webtiles) character file.

881 Gorice the Cutter (level 7, -1/53 HPs)
             Began as a Demigod Wanderer on Jan 21, 2015.
             Killed by divine providence
             ... invoked by an orc priest
              (10 damage)
             ... on level 5 of the Dungeon.
             The game lasted 00:25:55 (4745 turns).

Gorice the Cutter (Demigod Wanderer)                Turns: 4745, Time: 00:25:55

Health: -1/53      AC:  8    Str: 12    XL:     7   Next: 46%
Magic:  14/14      EV: 12    Int: 18    God:
Gold:   226        SH:  0    Dex: 20    Spells: 0 memorised, 8 levels left

rFire  . . .     SeeInvis .     a - +1 short sword (venom)
rCold  . . .     Clarity  .     n - +0 ring mail
rNeg   . . .     SustAb   +     (no shield)
rPois  +         Gourm    .     k - +0 helmet
rElec  .         Spirit   .     D - +0 cloak
rCorr  .         Warding  .     C - +0 pair of gloves
rMut   .         Stasis   .     (no boots)
MR     .....                    (no amulet)
Stlth  ++........               (no ring)
                                y - ring of poison resistance

@: drained, not resistant to hostile enchantments, unstealthy
A: sustain abilities
a: no special abilities


You were on level 5 of the Dungeon.
You were not hungry.

You visited 1 branch of the dungeon, and saw 5 of its levels.

You collected 226 gold pieces.

Inventory:

Hand weapons
 a - a +1 short sword of venom (weapon)
   (You found it on level 1 of the Dungeon)
 b - a +0 shortbow
 e - a +0 dagger
 B - a +0 blowgun
Missiles
 f - 38 arrows
 w - 11 arrows of flame
 F - 10 curare-tipped needles
 J - 10 arrows of frost
 K - 28 poisoned needles
 Z - 90 stones (quivered)
Armour
 k - a +0 helmet (worn)
 n - a +0 ring mail (worn)
 v - a +0 shield
 C - a +0 pair of gloves (worn)
 D - a +0 cloak (worn)
Jewellery
 s - an uncursed ring of wizardry
 y - a ring of poison resistance (left hand)
Magical devices
 o - a wand of cold (1)
 q - a wand of random effects (19)
 A - a wand of enslavement (0)
Scrolls
 G - a scroll of teleportation {unknown}
Potions
 c - a potion of curing
 d - a potion of restore abilities
 h - 2 potions of resistance
 i - a potion of magic {unknown}
 l - 3 potions of heal wounds
 m - 4 potions of might
 p - a potion of cancellation {unknown}
 r - a potion of brilliance {unknown}
 u - 3 potions of haste
Books
 E - a book of Transfigurations
Comestibles
 g - 3 bread rations
 j - a slice of pizza
 t - 2 meat rations
 x - 18 chunks of flesh
 z - a beef jerky
 H - 2 royal jellies


   Skills:
 - Level 1.7(1.5) Fighting
 + Level 6.7(6.4) Short Blades
 - Level 1.7(1.5) Bows
 - Level 1.0(0.7) Armour
 + Level 2.7(2.5) Dodging
 + Level 3.3(3.1) Stealth
 - Level 1.0(0.7) Shields
 - Level 1.0(0.7) Spellcasting
   Level 1.7(1.5) Air Magic


You had 8 spell levels left.
You didn't know any spells.

Dungeon Overview and Level Annotations

Branches:
Dungeon (5/15)
 Temple: D:4-7

Shops:
D:4 [


Innate Abilities, Weirdness & Mutations

Your attributes are resistant to harm.


Message History

You hit the orc but do no damage. The orc hits you but does no damage.
The orc priest closely misses you.
The orc hits you with a short sword of holy wrath.
You closely miss the orc priest.
The orc priest mumbles some strange prayers to Beogh against you.
Something smites you! The orc barely misses you.
You hit the orc priest.
The orc priest is poisoned.
The orc priest is moderately wounded.
The orc priest hits you but does no damage.
You feel drained.
The orc hits you with a short sword of holy wrath!
* * * LOW HITPOINT WARNING * * *
You hit the orc priest.
The orc priest is severely wounded.
You completely miss the orc priest.
The orc priest is severely wounded.
The orc hits you but does no damage.
The orc priest mumbles some strange prayers to Beogh against you.
Something smites you!
You die...

###### #...# #.......# #....#
#...# #.....#.# #....# #...#
#(....#.# #....# #...# #.....#.#
###....# #...# #.....#>##
#.'....# #...# ####.o....
#.#....# #####...# #......
#.###.## #.......# #......
#.###.####.....@o#########......
#.#.<)..)'...<..o'))...))(......
#.#.######.......#########......
#.#.)>...#.......# #......
#.######.#......)# #......
#........#.......# #......
#.########..(....# ####### #.#
#.......# ### #.......#


You could see an orc priest and an orc.

Vanquished Creatures
  Prince Ribbit (D:5)
  A sky beast (D:4)
  Blork the orc (D:5)
  A crimson imp (D:5)
  Crazy Yiuf (D:2)
  A centaur skeleton (D:4)
  An orc wizard (D:5)
  A worker ant (D:4)
  Natasha (thrice) (D:3)
  An orc priest (D:5)
  An iguana (D:5)
  A killer bee zombie (D:5)
  6 gnolls (D:4)
  11 adders
  A giant mite (D:3)
  3 worms (D:2)
  2 giant geckos
  12 orcs
  A bat skeleton (D:4)
  5 giant cockroaches
  9 hobgoblins
  18 kobolds
  A quokka (D:4)
  A ball python (D:2)
  6 bats
  8 giant newts
  7 goblins
  10 rats
  2 fungi (D:2)
117 creatures vanquished.

Notes
Turn   | Place    | Note
--------------------------------------------------------------
     0 | D:1      | Gorice, the Demigod Wanderer, began the quest for the Orb.
     0 | D:1      | Gorice set off with: a +0 shield, a +0 shortbow, a potion of curing, a +0 robe, a +0 dagger, 22 arrows, a bread ration
     0 | D:1      | Reached XP level 1. HP: 17/17 MP: 3/3
   217 | D:1      | Reached skill level 1 in Short Blades
   538 | D:1      | Reached XP level 2. HP: 15/24 MP: 4/4
   778 | D:1      | Reached skill level 2 in Short Blades
  1455 | D:2      | Reached XP level 3. HP: 29/29 MP: 6/6
  1683 | D:2      | Found a sacrificial altar of Ru.
  1876 | D:2      | Reached skill level 3 in Short Blades
  2093 | D:2      | Noticed Crazy Yiuf
  2133 | D:2      | Killed Crazy Yiuf
  2133 | D:2      | Reached XP level 4. HP: 8/36 MP: 8/8
  2488 | D:3      | Reached skill level 4 in Short Blades
  2637 | D:3      | Noticed Natasha
  2643 | D:3      | Killed Natasha
  2643 | D:3      | Reached XP level 5. HP: 33/41 MP: 10/10
  2767 | D:3      | Noticed Natasha
  2838 | D:3      | Killed Natasha
  3007 | D:3      | Reached skill level 5 in Short Blades
  3162 | D:3      | Noticed Natasha
  3167 | D:3      | Killed Natasha
  3457 | D:4      | Found Struer's Armour Boutique.
  3835 | D:4      | Noticed a sky beast
  3856 | D:4      | Killed a sky beast
  3856 | D:4      | Reached skill level 6 in Short Blades
  3856 | D:4      | Reached XP level 6. HP: 24/48 MP: 12/12
  4033 | D:4      | Found an ancient bone altar of Kikubaaqudgha.
  4034 | D:4      | Found a glowing silver altar of Zin.
  4035 | D:4      | Found a sacrificial altar of Ru.
  4035 | D:4      | Found a sparkling altar of Nemelex Xobeh.
  4036 | D:4      | Found a glowing golden altar of the Shining One.
  4294 | D:4      | Reached skill level 1 in Dodging
  4424 | D:5      | Entered Level 5 of the Dungeon
  4450 | D:5      | Noticed Prince Ribbit
  4464 | D:5      | Killed Prince Ribbit
  4464 | D:5      | Reached skill level 2 in Dodging
  4464 | D:5      | Reached skill level 2 in Stealth
  4464 | D:5      | Reached XP level 7. HP: 36/53 MP: 14/14
  4654 | D:5      | Reached skill level 3 in Stealth
  4692 | D:5      | Noticed Blork the orc
  4732 | D:5      | Killed Blork the orc
  4745 | D:5      | Killed from afar by an orc priest

Action                   |  1- 3 |  4- 6 |  7- 9 || total
-------------------------+-------+-------+-------++-------
Melee: Dagger            |    78 |       |       ||    78
       Short sword       |    99 |   185 |    98 ||   382
 Fire: Shortbow          |       |     8 |       ||     8
       Blowgun           |       |    17 |     1 ||    18
Throw: Stone             |     2 |       |       ||     2
Evoke: Wand              |       |     2 |     1 ||     3
  Use: Scroll            |     2 |     8 |     1 ||    11
 Stab: Sleeping          |     1 |       |       ||     1
       Distracted        |       |     1 |       ||     1
  Eat: Chunk             |     4 |     6 |     1 ||    11
       Pizza             |       |     1 |       ||     1

Table legend:
 A = Turns spent in this place as a percentage of turns spent in the entire game.
 B = Non-inter-level travel turns spent in this place as a percentage of non-inter-level travel turns spent in the entire game.
 C = Inter-level travel turns spent in this place as a percentage of turns spent in this place.
 D = Turns resting spent in this place as a percentage of non-inter-level travel turns spent in this place.
 E = Turns spent auto-exploring this place as a percentage of non-inter-level travel turns spent in this place.
 F = Non-inter-level travel turns spent in this place divided by the number of levels of this place that you've seen.
                   A       B       C       D       E      F
               +-------+-------+-------+-------+-------+----------------------
         Total | 100.0 | 100.0 |   0.2 |   0.5 |   4.8 | 437.8
       Dungeon | 100.0 | 100.0 |   0.2 |   0.5 |   4.8 | 437.8
               +-------+-------+-------+-------+-------+----------------------

Vault maps used:
D:1:      co_arrival_random_square_maze
D:2:      first_bread, nicolae_ru_path_of_blood, uniq_crazy_yiuf_cottage
D:3:      minmay_goblin_kobold_house, uniq_natasha
D:4:      grunt_temple_overflow_open, serial_shops, shop,
          corexii_leaking_fountain
D:5:      gup_ossuary_entry_pyramid, uniq_prince_ribbit1, uniq_blork_the_orc
